 Dungeon Crawl Stone Soup version 0.31-a0-986-g5e6e4ef867 (webtiles) character file.

Game seed: 14806676751564012692

142 whatisthis the Ruffian (level 5, -2/42 HPs)
             Began as a Draconian Shapeshifter on Nov 21, 2023.
             Slain by Sigmund
             ... wielding a +0 scythe
              (4 damage)
             ... on level 3 of the Dungeon.
             The game lasted 00:09:38 (1888 turns).

whatisthis the Ruffian (Draconian Shapeshifter)     Turns: 1888, Time: 00:09:38

Health: -2/42      AC:  5    Str: 18    XL:     5   Next: 3%
Magic:  5/5        EV: 12    Int: 11    God:
Gold:   243        SH:  0    Dex: 10    Spells: 4/4 levels left

rFire   . .          .
                       - Unarmed
rCold   . . .        (no shield)
rNeg    . . .        (body armour unavailable)
rPois   .            (helmet currently unavailable)
rElec   .            (cloak currently unavailable)
rCorr   .            (gloves currently unavailable)
SInv    .            (boots currently unavailable)
Will    .....        (no amulet)
Stlth   +            (no ring)
HPRegen 0.27/turn    (no ring)
MPRegen 0.09/turn

%: no passive effects
@: confused, mighty, beast-form
A: beast (slay +2), AC +5, unfitting armour, cold-blooded
a: Begin Untransformation


You were on level 3 of the Dungeon.
You were a hulking beast.
You visited 1 branch of the dungeon, and saw 3 of its levels.

You collected 243 gold pieces.

Inventory:

Missiles
 p - a stone (quivered)
Talismans
 b - a beast talisman (active)
 c - a flux talisman
 i - a storm talisman
Scrolls
 d - 5 scrolls of identify {unknown}
 e - a scroll of torment {unknown}
 f - a scroll of butterflies {unknown}
 m - a scroll of fear {unknown}
 o - a scroll of revelation {unknown}
 q - a scroll of noise {unknown}
Potions
 a - 3 potions of lignification
 g - a potion of cancellation {unknown}
 h - 2 potions of might
 j - 2 potions of curing
 k - 2 potions of heal wounds {unknown}
 l - a potion of magic {unknown}
 r - a potion of resistance {unknown}
 s - a potion of berserk rage {unknown}


   Skills:
 + Level 2.7 Fighting
 + Level 2.8 Dodging
 + Level 3.8 Unarmed Combat
 + Level 3.7 Shapeshifting


You had 4 spell levels left.
You didn't know any spells.
Your spell library was empty.

Dungeon Overview and Level Annotations

Branches:
Dungeon (3/15)

Altars:
Ashenzari
Wu Jian

Annotations:
D:3 Sigmund


Innate Abilities, Weirdness & Mutations

You are a hulking beast.
Your limbs bulge with bestial killing power. (Slay +2)
Your plain brown scales are hard. (AC +5)
You cannot fit into any form of body armour.
You are cold-blooded and may be slowed by cold attacks.


Message History

You throw a stone. Something hits you but does no damage.
Unknown command.
Throw: 3 stones
Press: ? - help, Q - select action Shift-Dir - straight line You throw a stone.
Unknown command.
Throw: 2 stones
Press: ? - help, Q - select action Shift-Dir - straight line You throw a stone.
Something hits you but does no damage.
Unknown command.
You cannot move.
There is a strange disturbance nearby!
You hear some strange, mumbled words.
A puff of flame appears from out of thin air!
The puff of flame hits you.
* * * LOW HITPOINT WARNING * * *
Sigmund appears from thin air!
Reactivating autopickup.
Sigmund gestures wildly while chanting.
Sigmund flickers and vanishes!
Deactivating autopickup; reactivate with Ctrl-A.
You feel less wooden.
You turn into a hulking beast.
A magic dart appears from out of thin air!
The magic dart hits you but does no damage.
You hear some strange, mumbled words.
You are confused.
Things that are here:
a dart slug corpse; a quokka corpse You barely miss something.
Something hits you.
* * * LOW HITPOINT WARNING * * *
You bump into the rock wall.
You hit something.
You hear some strange, mumbled words.
A puff of flame appears from out of thin air!
The puff of flame misses you.
You hit something.
Your tail-slap misses something.
Something hits you.
You die...

#......w......###.#.#.
#...##.##....(..#.#...
#..##...##(#..#.#.####
#..#.###.#(#..#.#.....
#..#..=..#(#..# ######
#..#.###.#(#.##
#..##...##.#.#
##..##(##....#
##..h{....(##
######...## #####


There were no monsters in sight!

Vanquished Creatures
  An orc priest (D:3)
  A gnoll (D:1)
  3 adders (D:2)
  2 dart slugs
  3 orcs (D:3)
  2 ball pythons
  8 endoplasms
  5 giant cockroaches
  5 hobgoblins
  2 jackals (D:1)
  7 kobolds
  3 quokkas
  6 bats
  3 frilled lizards
  8 goblins
  7 rats
66 creatures vanquished.

Notes
Turn   | Place    | Note
-------+----------+-------------------------------------------
     0 | D:1      | whatisthis the Draconian Shapeshifter began the quest for
                  | the Orb.
     0 | D:1      | Reached XP level 1. HP: 16/16 MP: 1/1
    87 | D:1      | Reached XP level 2. HP: 23/23 MP: 2/2
   241 | D:1      | Reached XP level 3. HP: 22/29 MP: 3/3
  1065 | D:2      | Reached XP level 4. HP: 37/37 MP: 4/4
  1645 | D:3      | Found a broken altar of Ashenzari.
  1750 | D:3      | Found an ornate altar of the Wu Jian Council.
  1827 | D:3      | Reached XP level 5. HP: 40/42 MP: 5/5
  1829 | D:3      | Noticed Sigmund
  1881 | D:3      | HP: 3/63 [something/puff of flame (5)]
  1885 | D:3      | HP: 1/42 [something (2)]
  1888 | D:3      | Slain by Sigmund

Illustrated notes

Levels and vault maps discovered:
D:1:      evilmike_arrival_grusome_pit, layout_loops_ring, serial_glass,
          glass_columns_c, glass_columns_c, chequers_serial_rivers_marsh
D:2:      layout_loops_ring
D:3:      layout_basic, amcnicky_altar_gilded, mainiacjoe_overflow_catwalk,
          serial_bayou, serial_bayou_lagoon_a, serial_bayou_pond_d,
          serial_bayou_lake_a, serial_bayou_crossing, minmay_checkerbox,
          uniq_sigmund, uniq_ijyb

Skill      XL: |  1  2  3 |
---------------+----------+-----
Dodging        | 2 |  2.8
Fighting       | 2 |  2.7
Unarmed Combat | |  3.8
Shapeshifting  | |  3.7

Action                     |  1- 3 |  4- 6 || total
---------------------------+-------+-------++-------
  Melee: Unarmed           |    96 |    77 ||   173
         Tailslap          |     9 |     3 ||    12
         Punch             |     1 |     1 ||     2
  Throw: Dart              |       |    18 ||    18
         Stone             |       |     4 ||     4
    Use: Potion            |       |     3 ||     3
   Stab: Sleeping          |     1 |       ||     1
 Armour: Skin              |    37 |    68 ||   105
  Dodge: Dodged            |    54 |    50 ||   104
   Form: Beast             |     1 |       ||     1

Table legend: (Time is in decaauts)
 A = Elapsed time spent in this place.
 B = Non-inter-level travel time spent in this place.
 C = Inter-level travel time spent in this place.
 D = Time resting spent in this place.
 E = Time spent auto-exploring this place.
 F = Levels seen in this place.
 G = Mean time per level.
                   A        B        C        D        E       F      G
               +--------+--------+--------+--------+--------+-----+--------+
         Total |   1895 |   1828 |     67 |     68 |   1106 |   3 |  631.7 |
       Dungeon |   1895 |   1828 |     67 |     68 |   1106 |   3 |  631.7 |
               +--------+--------+--------+--------+--------+-----+--------+

Top non-repeatable levels by time:
     D:1: 851 daAuts
     D:2: 668 daAuts
     D:3: 376 daAuts
